 Dungeon Crawl Stone Soup version 0.25-a0-786-g5b70d41e48 (webtiles) character file.

Game seed: 9666049189125264723, levelgen mode: deterministic

3118 Joeren the Insei (level 9, -2/79 HPs)
             Began as a Naga Transmuter on Apr 18, 2020.
             Was a Follower of Cheibriados.
             Slain by a centaur skeleton (5 damage)
             ... on level 9 of the Dungeon.
             The game lasted 01:03:10 (10638 turns).

Joeren the Insei (Naga Transmuter)                 Turns: 10638, Time: 01:03:11

Health: -2/79      AC:  6    Str: 14      XL:     9   Next: 91%
Magic:  9/18       EV: 10    Int: 20      God:    Cheibriados [*.....]
Gold:   600        SH:  4    Dex: 18 (19) Spells: 9/20 levels left

rFire    . . .     SeeInvis +     - Unarmed
rCold    . . .     Gourm    .   (shield currently unavailable)
rNeg     . . .     Faith    .   b - +1 robe
rPois    +         Spirit   .   G - +0 hat
rElec    .         Reflect  .   v - +0 cloak
rCorr    .         Harm     .   (gloves currently unavailable)
MR       +....                  (no barding)
Stlth    ++........             x - amulet of regeneration
HPRegen  0.63/turn              l - +6 ring of dexterity
MPRegen  0.16/turn              (no ring)

@: lethally poisoned (-2 -> -2), blade hands, drained, very slow
A: large, large bone plates 1, see invisible, clever 1, clumsy 1, deformed body,
poison resistance, slowness 2, slow metabolism 1, spit poison 1, AC +3
a: Spit Poison, End Transformation, Bend Time, Renounce Religion


You were on level 9 of the Dungeon.
You worshipped Cheibriados.
Cheibriados was aware of your devotion.
You were not hungry.
You had blades for hands.
You visited 2 branches of the dungeon, and saw 10 of its levels.

You collected 600 gold pieces.

Inventory:

Missiles
 a - 66 arrows
 g - 12 poisoned darts
 h - 175 stones
 z - 3 boomerangs (quivered)
 E - 6 silver boomerangs
Armour
 b - a +1 robe (worn)
 o - a +0 robe
 v - a +0 cloak (worn)
 G - a +0 hat (worn)
Jewellery
 l - a +6 ring of dexterity (left scythe-like blade)
 x - an amulet of regeneration (around neck)
 y - an uncursed ring of ice
Wands
 k - a wand of random effects (25)
 m - a wand of iceblast (11)
 p - a wand of acid (6)
Scrolls
 c - 2 scrolls of remove curse
 f - 2 scrolls of amnesia
 n - a scroll of teleportation
 q - 2 scrolls of magic mapping
 r - a scroll of enchant weapon
 u - 4 scrolls of enchant armour
 w - a scroll of blinking {unknown}
 B - a scroll of fog {unknown}
 C - a scroll of fear {unknown}
 D - 5 scrolls of identify
Potions
 e - 5 potions of lignification
 i - a potion of heal wounds
 j - 2 potions of mutation
 s - 2 potions of flight
 t - a potion of brilliance {unknown}
 A - 2 potions of curing
 F - a potion of stabbing {unknown}
Comestibles
 d - 8 rations


   Skills:
 + Level 4.3(3.4) Fighting
 + Level 2.0(1.2) Dodging
 + Level 7.8(6.8) Unarmed Combat
 - Level 6.0(5.0) Spellcasting
 + Level 7.5(6.5) Transmutations
 + Level 4.2(3.4) Invocations


You had 9 spell levels left.
You knew the following spells:

 Your Spells              Type           Power        Failure   Level  Hunger
a - Beastly Appendage     Tmut           ####..       14%         1    None
b - Sticks to Snakes      Tmut           ####....     17%         2    None
c - Spider Form           Tmut/Pois      ###.......   43%         3    ##.....
d - Blade Hands           Tmut           ####......   65%         5    #####..

Your spell library contained the following spells:

 Spells                   Type           Power        Failure   Level  Hunger
 Ice Form                 Ice/Tmut       ###.....     73%         4    ####...


Dungeon Overview and Level Annotations

Branches:
Dungeon (9/15)             Temple (1/1) D:7
   Lair: D:8-11         Orc: D:9-12

Altars:
Ashenzari
Cheibriados
Dithmenos
Elyvilon
Fedhas
Gozag
Hepliaklqana
Kikubaaqudgha
Makhleb
Nemelex Xobeh
Okawaru
Qazlal
Ru
Trog
Uskayaw
Vehumet
Wu Jian
Xom
Yredelemnul
Zin
The Shining One

Shops:
D:4 ?   D:5 }   D:7 *

Annotations:
D:2 exclusion: downstairs
D:3 Grinder
D:4 exclusion: downstairs, Duvessa
D:6 2 exclusions, Pikel


Innate Abilities, Weirdness & Mutations

You cannot wear boots.
Your serpentine skin is tough. (AC +3)
You have supernaturally acute eyesight. (SInv)
Armour fits poorly on your strangely shaped body.
Your system is resistant to poisons. (rPois)
You cover ground very slowly.
You have a slow metabolism.
You can spit poison.
You are partially covered in large bone plates. (SH +4)
Your mind is acute. (Int +2)
You are clumsy. (Dex -2)


Message History

An orc comes into view. It is wielding a +0 hand axe.
You feel sick.
A two-headed ogre comes into view.
It is wielding a +0 giant club and a +0 giant spiked club.
The centaur skeleton hits you.
* * * LOW HITPOINT WARNING * * *
The orc moves out of view.
Found a wand of random effects (19).
Casting: Blade Hands (slightly dangerous; 22% risk of failure)
Confirm with . or Enter, or press ? or * to list all spells.
Your hands turn into razor-sharp scythe blades.
The centaur skeleton hits you.
* * * LOW HITPOINT WARNING * * *
You completely miss the centaur skeleton.
You feel sick.
You block the centaur skeleton's attack.
You slice the centaur skeleton!!
The centaur skeleton is almost destroyed.
You hear a shout! x2
The centaur skeleton hits you.
You die...

# .# ##.# #. ...
###..####.#
.......@Z.#
≈≈≈≈.#....#
###≈...##..8.8o8
#≈.#. .#O8.8.
#≈.#. .# .8.8 #≈
/. .# .## # ..
.# # .#. .# ..


You could see a two-headed ogre and a centaur skeleton.

Vanquished Creatures
  A two-headed ogre (D:8)
  A hungry ghost (D:7)
  An ice beast (D:5)
  A slave (D:6)
  2 necrophages
  A sky beast (D:8)
  3 ogres
  A phantom (D:7)
  2 centaurs
  4 bullfrogs
  2 scorpions
  5 killer bees (D:8)
  A wight (D:9)
  A howler monkey (D:7)
  2 jellies
  A crimson imp (D:8)
  A quasit (D:8)
  A bullfrog zombie (D:5)
  2 orc priests
  2 centaur skeletons (D:4)
  4 iguanas
  8 orc wizards
  A worker ant (D:7)
  A worker ant zombie (D:5)
  4 adders
  4 gnolls (D:5)
  An adder zombie (D:7)
  4 worms
  4 leopard geckos
  23 orcs
  8 bats
  3 giant cockroaches
  8 goblins
  5 hobgoblins
  10 jackals
  5 kobolds
  4 quokkas
  2 ball pythons (D:3)
  2 ball python skeletons
  3 frilled lizards
  A leopard gecko skeleton (D:4)
  A leopard gecko zombie (D:8)
  A quokka skeleton (D:3)
  5 rats
147 creatures vanquished.

Vanquished Creatures (collateral kills)
  Sigmund (D:3)
  Natasha (D:3)
  A shadow imp (D:4)
  A quokka (D:9)
  A frilled lizard (D:3)
5 creatures vanquished.

Grand Total: 152 creatures vanquished

Notes
Turn   | Place    | Note
-------+----------+-------------------------------------------
     0 | D:1      | Joeren the Naga Transmuter began the quest for the Orb.
     0 | D:1      | Reached XP level 1. HP: 18/18 MP: 3/3
     0 | D:1      | Noticed a formicid
     1 | D:1      | Noticed a vine stalker
     3 | D:1      | Noticed a vampire
     5 | D:1      | Noticed a centaur
     6 | D:1      | Noticed a troll
     7 | D:1      | Noticed a formicid
     8 | D:1      | Noticed a vampire
    10 | D:1      | Noticed a centaur
    10 | D:1      | Noticed an octopode
    12 | D:1      | Noticed a ghoul
    12 | D:1      | Noticed a naga
    13 | D:1      | Noticed an ogre
    16 | D:1      | Noticed a human
    16 | D:1      | Noticed an elf
    18 | D:1      | Noticed a dwarf
    18 | D:1      | Noticed a dwarf
    18 | D:1      | Noticed a minotaur
    20 | D:1      | Noticed an elf
    20 | D:1      | Noticed a minotaur
   296 | D:1      | Reached XP level 2. HP: 18/25 MP: 3/5
  1663 | D:2      | Reached XP level 3. HP: 29/31 MP: 4/6
  1975 | D:2      | Learned a level 2 spell: Sticks to Snakes
  1979 | D:2      | Learned a level 3 spell: Spider Form
  2516 | D:3      | Noticed Grinder
  2816 | D:3      | Reached XP level 4. HP: 32/38 MP: 5/7
  2955 | D:4      | Found a blossoming altar of Fedhas.
  3646 | D:3      | Noticed Sigmund
  3651 | D:3      | Noticed Natasha
  3684 | D:3      | Gained mutation: You are clumsy. (Dex -2) [potion of
                  | mutation]
  3684 | D:3      | Gained mutation: You are partially covered in large bone
                  | plates. (SH +4) [potion of mutation]
  3684 | D:3      | Gained mutation: Your mind is acute. (Int +2) [potion of
                  | mutation]
  3702 | D:3      | Killed Sigmund
  3702 | D:3      | Reached XP level 5. HP: 32/44 MP: 0/9
  3707 | D:3      | Killed Natasha
  4160 | D:3      | Reached XP level 6. HP: 49/51 MP: 11/11
  4714 | D:5      | Entered Level 5 of the Dungeon
  4724 | D:4      | Found Nivezuta's Magic Scroll Boutique.
  4875 | D:4      | Reached XP level 7. HP: 57/57 MP: 11/13
  4947 | D:4      | Reached skill level 5 in Unarmed Combat
  5458 | D:4      | Noticed Duvessa
  6052 | D:5      | Reached skill level 5 in Transmutations
  6601 | D:5      | Reached XP level 8. HP: 37/64 MP: 15/15
  6893 | D:5      | Reached skill level 5 in Spellcasting
  6929 | D:5      | Found Ytacs's Gadget Shop.
  7466 | D:5      | Found a shadowy altar of Dithmenos.
  8318 | D:6      | Noticed Pikel
  8374 | D:7      | Found Gozag's Platinum Reserve.
  8374 | D:7      | Found an opulent altar of Gozag.
  8631 | D:7      | Learned a level 5 spell: Blade Hands
  8759 | D:7      | Found a staircase to the Ecumenical Temple.
  8774 | Temple   | Entered the Ecumenical Temple
  8836 | Temple   | Became a worshipper of Cheibriados the Contemplative
  9489 | D:8      | Reached skill level 1 in Invocations
  9538 | D:8      | You fall into a shaft and drop 1 floor!
  9538 | D:9      | Found a sacrificial altar of Ru.
  9538 | D:9      | Found a faded altar of an unknown god.
  9538 | D:9      | Found a faded altar of an unknown god.
  9539 | D:9      | Found an ornate altar of the Wu Jian Council.
  9552 | D:9      | Found a hazy altar of Hepliaklqana.
  9573 | D:9      | Reached XP level 9. HP: 73/73 MP: 13/18
  9600 | D:8      | Noticed a two-headed ogre
 10148 | D:8      | Killed a two-headed ogre
 10148 | D:8      | Reached * piety under Cheibriados
 10627 | D:9      | Noticed a hornet
 10631 | D:9      | Noticed a deep elf knight
 10635 | D:9      | Noticed a two-headed ogre
 10636 | D:9      | HP: 3/79 [centaur skeleton (5)]
 10638 | D:9      | Slain by a centaur skeleton

Levels and vault maps discovered:
D:1:      shiori_arrival_whats_in_store_for_you, layout_loops_corners,
          chequers_jeans
D:2:      layout_loops_cross, chequers_decorated_corner, corner_web_ring
D:3:      cheibrodos_pilgrimage, layout_basic, roderic_lattice_a, uniq_sigmund,
          uniq_grinder, uniq_natasha
D:4:      layout_rooms, serial_shops, shop, fedhas_altar_2, uniq_duvessa
D:5:      layout_layer_cave, kennysheep_mini, serial_shops, shop, first_ration
D:6:      layout_basic, minivault_23, uniq_pikel
D:7:      layout_basic, nicolae_gozag_zags_fifth_avenue,
          minmay_temple_entry_mini_moons
D:8:      layout_loops_corners
D:9:      minmay_the_grid_square_5x5_4x4 [minmay_the_grid_square_5x5_mess,
          minmay_the_grid_square_5x5_meh,
          minmay_the_grid_square_5x5_doubleslash,
          minmay_the_grid_square_5x5_hollow_slash,
          minmay_the_grid_square_5x5_detours,
          minmay_the_grid_square_5x5_prize_monsterx,
          minmay_the_grid_square_5x5_prize_rear_guard,
          minmay_the_grid_square_5x5_fancy_junction,
          minmay_the_grid_square_5x5_tri_point,
          minmay_the_grid_square_5x5_prize_gold,
          minmay_the_grid_square_5x5_prize_open, minmay_the_grid_square_5x5_two,
          minmay_the_grid_square_5x5_lines,
          minmay_the_grid_square_5x5_half_checkered,
          minmay_the_grid_square_5x5_broken_cross,
          minmay_the_grid_square_5x5_checkered_statues], layout_loops_ring,
          lemuel_round_altar, chequers_temple_overflow_minitemple, orc_0_dummy,
          enter_bailey_3
Temple:   nicolae_temple_x_marks_the_god

Skill      XL: |  1  2  3  4  5  6  7  8  9 |
---------------+----------------------------+-----
Dodging        | 2 |  2.0
Unarmed Combat | 4 5 6 7 |  7.8
Spellcasting   | 3 4 6 |  6.0
Transmutations | 3 4 5 6 7 |  7.5
Fighting       | 2 4 |  4.3
Invocations    | 1 4 |  4.2

Action                   |  1- 3 |  4- 6 |  7- 9 || total
-------------------------+-------+-------+-------++-------
Melee: Unarmed           |   117 |   107 |   330 ||   554
       Headbutt          |    13 |    15 |    32 ||    60
       Punch             |     2 |     1 |     5 ||     8
Throw: Stone             |     8 |    24 |    24 ||    56
       Boomerang         |       |       |    20 ||    20
       Dart              |       |       |     2 ||     2
 Cast: Beastly Appendage |    29 |    20 |    33 ||    82
       Sticks to Snakes  |       |     6 |    16 ||    22
       Spider Form       |       |     3 |    15 ||    18
       Blade Hands       |       |       |     5 ||     5
Invok: Bend Time         |       |       |     1 ||     1
 Abil: Spit Poison       |    11 |    12 |    20 ||    43
       End Transformatio |       |       |     1 ||     1
Evoke: Wand              |     1 |     2 |     2 ||     5
  Use: Potion            |     2 |     2 |     2 ||     6
       Scroll            |       |     3 |     7 ||    10
 Stab: Sleeping          |     1 |       |     2 ||     3
       Confused          |       |       |     2 ||     2
       Distracted        |       |       |     2 ||     2
  Eat: Chunk             |     5 |     4 |    11 ||    20
       Ration            |       |     1 |     3 ||     4
Armor: Robe              |    26 |    16 |    60 ||   102
       Skin              |       |       |     1 ||     1
Dodge: Dodged            |    67 |    45 |   178 ||   290
Block: Other             |       |     7 |    40 ||    47

Table legend:
 A = Non-vault XP
 B = Vault XP
 C = Vault XP percentage of total XP
 D = Non-vault monster count
 E = Vault monster count
 F = Vault count percentage of total count
                 A         B        C        D         E       F
            +---------+---------+-------+---------+---------+-------
      Total |    4120 |     335 |   7.5 |     139 |      12 |   7.9
            +---------+---------+-------+---------+---------+-------
        D:1 |      31 |       0 |   0.0 |      19 |       0 |   0.0
        D:2 |      48 |       0 |   0.0 |      20 |       0 |   0.0
        D:3 |      49 |     192 |  79.7 |      18 |       8 |  30.8
        D:4 |     397 |       0 |   0.0 |      20 |       0 |   0.0
        D:5 |     689 |       0 |   0.0 |      21 |       0 |   0.0
        D:6 |     133 |       0 |   0.0 |       9 |       0 |   0.0
        D:7 |     583 |       0 |   0.0 |      10 |       0 |   0.0
        D:8 |    2071 |       0 |   0.0 |      21 |       0 |   0.0
        D:9 |     119 |     143 |  54.6 |       1 |       4 |  80.0
            +---------+---------+-------+---------+---------+-------
